AoeStats
← whatabluemonkey

Nomad

511817841Analyzed
3v3 RM · 1mo ago on Oct 6, 2026· 52m 8s· 6 players
Game mode
Random Map
Map size
210×210
Population
200
Speed
Normal
Resources
Standard
Victory
Conquest
Starting age
Dark Age
Ending age
Imperial Age
RankedLock teamsTeams togetherTeam positionsShared explorationLock speedFull tech treeHidden civsTurbo modeCheats
Victory
Defeat
🇨🇿 Spanish · Czechia
571
+10
🇨🇿 Britons · Czechia
562
+10
🇨🇿 Teutons · Czechia
539
+11
vs
🇬🇧 Sicilians · United Kingdom
518
-13
🇨🇭 Vietnamese · Switzerland
409
-10
🇪🇸 Huns · Spain
374
-8
Max PaUra
4:38 Loom
20:08 Feudal Age
26:04 Man-at-Arms
26:31 Arson
28:05 Fishing Lines
28:23 Double-Bit Axe
31:16 Castle Age
29:53 Wheelbarrow
32:20 Bloodlines
32:13 Husbandry
33:58 Hand Cart
36:31 Squires
36:25 Pikeman
36:28 Long Swordsman
37:55 Padded Archer Armor
38:25 Fletching
39:29 Bodkin Arrow
40:18 Bow Saw
41:50 Forging
41:57 Leather Archer Armor
41:27 Crossbowman
42:38 Scale Mail Armor
45:11 Scale Barding Armor
46:12 Thumb Ring
47:35 Chain Barding Armor
50:42 Chatras
53:05 Iron Casting
52:47 Chain Mail Armor
whatabluemonkey
16:30 Feudal Age
18:58 Double-Bit Axe
19:24 Horse Collar
19:38 Gold Mining
21:29 Stone Mining
28:11 Forging
28:02 Scale Mail Armor
40:08 Castle Age
Guildermen
4:57 Loom
18:51 Feudal Age
20:05 Double-Bit Axe
21:07 Horse Collar
21:29 Stone Mining
21:42 Gold Mining
29:01 Forging
28:42 Fletching
30:58 Castle Age
34:48 Bodkin Arrow
35:29 Iron Casting
36:01 Padded Archer Armor
37:02 Heavy Plow
37:20 Bow Saw
38:06 Caravan
39:08 Gold Shaft Mining
40:24 Leather Archer Armor
HONZAzHOVNA
4:16 Loom
18:18 Feudal Age
18:58 Double-Bit Axe
18:56 Horse Collar
21:42 Gold Mining
25:21 Scale Barding Armor
25:27 Forging
27:47 Castle Age
27:42 Stone Mining
28:10 Man-at-Arms
30:23 Padded Archer Armor
30:14 Fletching
30:26 Scale Mail Armor
31:01 Iron Casting
29:54 Crossbowman
31:00 Bow Saw
32:41 Gold Shaft Mining
33:06 Leather Archer Armor
32:47 Bodkin Arrow
35:32 Pikeman
36:13 Squires
39:04 Wheelbarrow
38:24 Town Watch
39:11 Heavy Plow
45:33 Imperial Age
43:23 Hand Cart
43:14 Town Patrol
43:27 Treadmill Crane
44:09 Ballistics
43:45 Murder Holes
43:21 Long Swordsman
43:47 Gambesons
44:17 Caravan
44:48 Coinage
44:37 Chain Mail Armor
45:26 Yeomen
45:08 Herbal Medicine
45:14 Devotion
45:36 Sanctity
47:27 Chemistry
46:34 Siege Engineers
47:24 Conscription
49:08 Elite Longbowman
50:01 Halberdier
JardaK37
6:39 Loom
16:14 Feudal Age
17:03 Fishing Lines
17:44 Horse Collar
18:43 Double-Bit Axe
19:52 Wheelbarrow
25:16 Castle Age
23:03 Town Watch
25:21 Forging
25:17 Scale Barding Armor
27:08 Bloodlines
26:18 Light Cavalry
27:21 Chain Barding Armor
27:37 Iron Casting
28:58 Hand Cart
29:51 Elite Skirmisher
31:05 Stone Mining
31:05 Gold Mining
32:39 Fletching
32:50 Padded Archer Armor
34:23 Town Patrol
36:04 Gold Mining
40:37 Imperial Age
38:21 Bodkin Arrow
38:30 Husbandry
38:38 Thumb Ring
37:56 Pikeman
37:57 Man-at-Arms
39:31 Bow Saw
39:25 Heavy Plow
39:54 Ballistics
39:30 Murder Holes
40:15 Stone Shaft Mining
43:02 Gillnets
45:05 Chemistry
46:01 Two-Man Saw
47:45 Elite Conquistador
Martin
17:54 Feudal Age
22:10 Wheelbarrow
21:20 Town Watch
23:29 Horse Collar
23:44 Double-Bit Axe
29:33 Castle Age
28:19 Stone Mining
28:20 Gold Mining
28:24 Stone Mining
30:24 Caravan
30:54 Coinage
31:05 Heavy Plow
35:19 Bow Saw
38:59 Hand Cart
38:45 Town Patrol
42:10 Imperial Age
41:20 Padded Archer Armor
41:11 Fletching
42:29 Leather Archer Armor
42:25 Forging
42:15 Scale Mail Armor
42:21 Scale Barding Armor
44:26 Banking
44:07 Guilds
44:32 Crop Rotation
45:07 Two-Man Saw
44:28 Loom
45:23 Ring Archer Armor
44:48 Bodkin Arrow
45:28 Iron Casting
44:19 Elite Teutonic Knight
46:36 Chain Barding Armor
46:32 Chain Mail Armor
46:31 Bloodlines
45:42 Cavalier
47:53 Crenellations
48:16 Paladin
50:41 Heated Shot
51:11 Ballistics
51:52 Chemistry
50:59 Siege Engineers
51:04 Masonry
50:42 Arrowslits
50:48 Guard Tower
51:08 Fortified Wall
53:40 Blast Furnace
53:10 Plate Mail Armor
53:15 Plate Barding Armor
Connection lost

Rejoining the realm…

Still unreachable

The connection could not be restored.

Session expired

The server has moved on; the page needs a fresh start.